 Dungeon Crawl Stone Soup version 0.23.2-33-g5129a83184 (webtiles) character file.

Game seed: 6107212841233927083

147 Felnil the Skirmisher (level 5, -1/42 HPs)
             Began as a Mummy Gladiator on Aug 7, 2019.
             Killed from afar by Crazy Yiuf (12 damage)
             ... with a wand of flame (15)
             ... while paralysed by Crazy Yiuf
             ... on level 3 of the Dungeon.
             The game lasted 00:05:35 (2601 turns).

Felnil the Skirmisher (Mummy Gladiator)             Turns: 2601, Time: 00:05:36

Health: -1/42      AC:  7    Str: 18    XL:     5   Next: 7%
Magic:  5/5        EV:  2    Int:  7    God:
Gold:   84         SH:  0    Dex: 14    Spells: 4/4 levels left

rFire    x . .     SeeInvis .   f - +1 dagger (venom)
rCold    + . .     Gourm    .   (no shield)
rNeg     + + +     Faith    .   g - +0 scale mail
rPois    ∞         Spirit   .   c - +0 helmet
rElec    .         Reflect  .   (no cloak)
rCorr    .         Harm     .   (no gloves)
MR       .....                  (no boots)
Stlth    ..........             (no amulet)
HPRegen  0.14/turn              (no ring)
MPRegen  0.09/turn              (no ring)

@: paralysed, very slightly contaminated, invisible
A: no food or potions, fire vulnerability, cold resistance 1, negative energy
resistance 3, torment resistance, unbreathing
a: no special abilities


You were on level 3 of the Dungeon.
You were not hungry.

You visited 1 branch of the dungeon, and saw 3 of its levels.

You collected 84 gold pieces.

Inventory:

Hand Weapons
 a - a +0 war axe
 f - a +1 dagger of venom (weapon)
Missiles
 d - 3 throwing nets (quivered)
Armour
 b - a +0 leather armour
 c - a +0 helmet (worn)
 g - a +0 scale mail (worn)
Scrolls
 e - 3 scrolls of identify {unknown}
 h - a scroll of magic mapping {unknown}
 i - a scroll of random uselessness {unknown}
 j - a scroll of fear {unknown}
 k - a scroll of remove curse {unknown}


   Skills:
 + Level 4.0 Fighting
 - Level 2.4 Axes
 - Level 1.5 Throwing
 + Level 3.8 Dodging


You had 4 spell levels left.
You didn't know any spells.
Your spell library was empty.

Dungeon Overview and Level Annotations

Branches:
Dungeon (3/15)

Altars:

Annotations:
D:3 Crazy Yiuf


Innate Abilities, Weirdness & Mutations

You do not eat or drink.
Your flesh is vulnerable to fire.
You are immune to poison.
Your flesh is cold resistant. (rC+)
You are immune to negative energy. (rN+++)
You are immune to unholy pain and torment.
You can survive without breathing.


Message History

You fade into invisibility!
You are very lightly contaminated with residual magic.
You hit Crazy Yiuf but do no damage.
Crazy Yiuf looks as sick as possible!
Crazy Yiuf is lightly wounded.
Crazy Yiuf zaps a wand.
The puff of flame hits you! The fire burns you terribly!
You hit Crazy Yiuf.
Crazy Yiuf is moderately wounded.
Crazy Yiuf barely misses you.
You hit Crazy Yiuf.
Crazy Yiuf is heavily wounded.
Crazy Yiuf hits you with a +2 quarterstaff of chaos.
You suddenly lose the ability to move!
Crazy Yiuf yells, "Lay eyeball shoe!"
Crazy Yiuf hits you with a +2 quarterstaff of chaos!
Crazy Yiuf freezes you.
* * * LOW HITPOINT WARNING * * *
Crazy Yiuf zaps a wand.
The puff of flame hits you! The fire burns you terribly!
You die...

####.##.
+.......
###...##
#....# #####
#....##
#)..#
#.....#
#...#
#...#.#
#.g.#
#...#.. #@#
#...##. #.##
#).. #. ##.#
##.# #. #.##
#. ## ##.#
#.# # ##.##
#.# # ##...#
####.# #
#....#
.....#### #.
##..##
##+###......


You could see Crazy Yiuf.

Vanquished Creatures
  Jessica (D:3)
  An iguana (D:3)
  A gnoll (D:1)
  3 adders (D:2)
  An ooze (D:3)
  2 worms (D:2)
  An orc (D:3)
  7 bats
  3 bat zombies (D:2)
  3 giant cockroaches
  3 goblins (D:1)
  3 hobgoblins
  6 ball pythons (D:2)
  3 frilled lizards (D:1)
  7 kobolds
  A leopard gecko skeleton (D:2)
  A leopard gecko zombie (D:2)
  9 rats
  3 plants (D:2)
59 creatures vanquished.

Notes
Turn   | Place    | Note
-------+----------+-------------------------------------------
     0 | D:1      | Felnil the Mummy Gladiator began the quest for the Orb.
     0 | D:1      | Reached XP level 1. HP: 16/16 MP: 1/1
   227 | D:1      | Reached XP level 2. HP: 18/23 MP: 2/2
   871 | D:1      | Reached XP level 3. HP: 19/28 MP: 3/3
   996 | D:2      | Reached skill level 3 in Fighting
  1082 | D:2      | Found a faded altar of an unknown god.
  1525 | D:2      | Reached XP level 4. HP: 26/35 MP: 4/4
  2476 | D:3      | Noticed Jessica
  2481 | D:3      | Killed Jessica
  2481 | D:3      | Reached skill level 4 in Fighting
  2481 | D:3      | Reached XP level 5. HP: 42/42 MP: 5/5
  2587 | D:3      | Found a runed translucent door.
  2588 | D:3      | Noticed Crazy Yiuf
  2599 | D:3      | Paralysed by Crazy Yiuf for 4 turns
  2601 | D:3      | Killed from afar by Crazy Yiuf

Skill      XL: |  1  2  3  4 |
---------------+-------------+-----
Dodging        | 3 |  3.8
Fighting       | 3 4 |  4.0
Axes           | |  2.4
Throwing       | |  1.5

Action                   |  1- 3 |  4- 6 || total
-------------------------+-------+-------++-------
Melee: War axe           |    18 |       ||    18
       Dagger            |   120 |   127 ||   247
Armor: Leather armour    |     7 |       ||     7
       Scale mail        |    92 |    18 ||   110
Dodge: Dodged            |   117 |    26 ||   143
